Unix NetHack Version 5.0.0-0 post-release - last build Jun 10 2026 00:39:30 (3ee93aec679c4c4259841fe613dc97188e26a321,branch:main).

Game began 2026-06-11 21:57:06, ended 2026-06-11 22:38:41.

IanCurtis, chaotic male elven Wizard

                 ---------                               ----------
                 |........######                         |........|
                 |.......|     ##  ----------------      +.<......|
                 |.......|      #  |..............|      |........|
                 |.......|      #  |..............|      ----.-----
 -----           --.--.---      ###|..............|          ##
 |...|             ##             #-..[...........|           ##
 |...-#            ##              -.--------------            #
 |.>.|#           ##                #                          #
 |...|#            #                #                          #
 |...|#####    -.--|----     #############                     ######
 |...|    #####|.......|     #        ---.---------`         -------.----
 -----        #|.......|######        |...........-#         |....[.)...|
              #-.......-#             |...........|#         |...@f.....|
               ---------              |..........[|#         |....B.....|
                                      -------------**#####*##-..........|
                                                             ------------

IanCurtis the Thaumaturge  St:11 Dx:18 Co:15 In:17 Wi:13 Ch:8  Chaotic
Dlvl:4  $:99 HP:0(38) Pw:45(71) AC:8  Xp:6 T:3132  Burdened

Latest messages:
 It smells like acid blobs.
 Eat it? [yn] (n) y
 You consume homemade acid blob.
 You feel less concerned about becoming petrified.
 What do you want to eat? [stxR or ?*] ?
 My, this is a yummy slime mold!
 What do you want to eat? [stxR or ?*] x
 My, this is a yummy slime mold!
 You no longer feel secure from petrification.
 The little dog picks up a crude dagger.
 The little dog drops a crude dagger.
 The little dog picks up an iron skull cap.
 The little dog drops an iron skull cap.
 The kitten picks up a crude dagger.
 You see here 30 rocks.
 You see here a rock.
 You swap places with your little dog.
 You see here 19 rocks.
 You hear some noises in the distance.
 The kitten misses the giant bat.
 The giant bat bites!
 The kitten misses the giant bat.
 The giant bat bites!
 The kitten bites the giant bat.
 The giant bat misses the kitten.
 The giant bat bites!
 The kitten misses the giant bat.
 The giant ant bites!
 The giant bat bites!
 The kitten misses the giant bat.
 In what direction? h
 The spell hits the giant ant!
 The giant ant bites!
 The giant bat bites!
 The kitten bites the giant bat.
 In what direction? h
 The spell misses the giant ant.
 The giant ant bites!
 The giant bat bites!
 The kitten misses the giant bat.
 The kitten misses the giant bat.
 In what direction? h
 The spell hits the giant ant!
 You kill the giant ant!
 The giant bat bites!
 The kitten bites the giant bat.
 The giant bat misses the kitten.
 The giant bat bites!
 You die...
 Do you want your possessions identified? [ynq] (y) q

Inventory:
 Coins    ('$')
  $ - 99 gold pieces
 Weapons  (')')
  a - a blessed +1 quarterstaff (weapon in hands)
 Armor    ('[')
  q - an uncursed +0 orcish helm (being worn)
  S - an uncursed +0 cloak of magic resistance (being worn)
 Comestibles  ('%')
  t - an uncursed cram ration
  s - 2 uncursed food rations
  R - an uncursed homemade tin of acid blob
 Scrolls  ('?')
  k - a blessed scroll of teleportation
 Rings    ('=')
  B - an uncursed ring of free action
  e - a blessed +1 ring of protection
  d - an uncursed ring of teleportation
 Wands    ('/')
  c - a blessed wand of light (0:11)
  J - a wand of light (0:14)
  u - a wand of lightning (0:8)
  D - a wand of secret door detection (0:11)
 Tools    ('(')
  b - an uncursed sack containing 22 items
  o - an uncursed wooden harp
  n - a magic marker (0:21)

Contents of the sack:
  an uncursed scroll of charging
  a blessed scroll of gold detection
  3 uncursed scrolls of identify
  a blessed scroll of genocide
  3 uncursed scrolls of blank paper
  an uncursed scroll of stinking cloud
  an uncursed scroll of taming
  an uncursed scroll of teleportation
  an uncursed spellbook of levitation
  a blessed spellbook of force bolt
  an uncursed spellbook of healing
  an uncursed spellbook of healing
  an uncursed spellbook of light
  an uncursed spellbook of slow monster
  an uncursed potion of levitation
  2 uncursed potions of healing
  2 blessed potions of healing
  a blessed potion of extra healing
  a cursed potion of see invisible
  an uncursed potion of object detection
  an uncursed diluted potion of paralysis
  an uncursed potion of water

IanCurtis the Wizard's attributes:

Background:
 You were a Thaumaturge, a level 6 male elven Wizard.
 You were chaotic, nominally on a mission for Anhur
 who was opposed by Ptah (lawful) and Thoth (neutral).
 You were left-handed.
 You were in the Dungeons of Doom, on level 4.
 You entered the dungeon 3132 turns ago.
 It was nighttime.
 You had 473 experience points, 167 more were needed to attain level 7.

Basics:
 You had 0 out of 38 hit points.
 You had 45 out of 71 energy points (spell power).
 Your armor class was 8.
 Your wallet contained 99 zorkmids.
 Autopickup was off.

Final Characteristics:
 Your strength was 11 (limit:18).
 Your dexterity was 18 (limit:18).
 Your constitution was 15 (limit:16).
 Your intelligence was 17 (limit:20).
 Your wisdom was 13 (limit:20).
 Your charisma was 8 (limit:18).

Final Status:
 You weren't hungry.
 You were burdened; movement was slightly slowed.
 You were wielding a quarterstaff.
 You were skilled in quarterstaff.

Final Attributes:
 You were piously aligned.
 You were magic-protected.
 You were sleep resistant.
 You were poison resistant.
 You were telepathic.
 You had infravision.
 You were warded.
 You are dead.

Miscellaneous:
 You encountered 1 bones level.
 Total elapsed playing time was 17 minutes and 37 seconds.

Major events:
 Turn
    1: IanCurtis the chaotic male elven Wizard entered the dungeon
  732: entered the Gnomish Mines
  736: attained the rank of Conjurer (level 3)
 2054: attained the rank of Thaumaturge (level 6)
 3132: killed by a giant bat

Spells:
 Name                 Level Category     Fail Retention
 force bolt             1   attack         0%   81%-90%
 light                  1   divination     0%  76%-100%
 healing                1   healing        0%  76%-100%
 slow monster           2   enchantment    0%  91%-100%

Skills:
 Fighting Skills
   bare handed combat [Unskilled]
   riding             [Unskilled]
 Weapon Skills
   dagger             [Unskilled]
   knife              [Unskilled]
   axe                [Unskilled]
   short sword        [Unskilled]
   club               [Unskilled]
   mace               [Unskilled]
   quarterstaff       [Skilled]
   polearms           [Unskilled]
   spear              [Unskilled]
   trident            [Unskilled]
   sling              [Unskilled]
   dart               [Unskilled]
   shuriken           [Unskilled]
 Spellcasting Skills
   attack spells      [Basic]
   healing spells     [Unskilled]
   divination spells  [Unskilled]
   enchantment spells [Basic]
   clerical spells    [Unskilled]
   escape spells      [Unskilled]
   matter spells      [Unskilled]

Voluntary challenges:
 Character rerolling was not enabled.
 You were an atheist.
 You never genocided any monsters.
 You never polymorphed an object.
 You never changed form.
 You used no wishes.
Achievements:
 You entered the Gnomish Mines.
 You attained the rank of Conjurer.
 You entered a shop.
 You attained the rank of Thaumaturge.

 The Dungeons of Doom: levels 1 to 7
    Level 1:
    Level 2:
       A sink.
    Level 3:
       A potion shop, a sink.
       Stairs down to The Gnomish Mines.
    Level 4: <- You were here.
       Final resting place for
          you, killed by a giant bat.
    Level 5: "vault"
    Level 6:
    Level 7:
 The Gnomish Mines:
    Level 4: "bones?"
       Final resting place for
          Shaengarne-Wiz-Gno-Mal-Neu, killed by a pony.


Vanquished creatures:
  a pony
  5 fog clouds
  2 yellow lights
  3 shriekers
  a gnome leader
  a kobold mummy
  2 gray oozes
  2 ghouls
  a paper golem
  3 giant ants
  2 floating eyes
  a dwarf
  a rothe
  a rabid rat
  2 giant bats
  a werejackal
 an iguana
 an acid blob
  a hobbit
  2 manes
  a large kobold
  2 hobgoblins
  a giant rat
  a cave spider
  4 gnomes
  5 geckos
  a jackal
  2 foxes
  3 goblins
  4 sewer rats
  8 grid bugs
  a bat
  4 lichens
  2 newts
73 creatures vanquished.

No species were genocided or became extinct.

Game over:
                       ----------
                      /          \
                     /    REST    \
                    /      IN      \
                   /     PEACE      \
                  /                  \
                  |    IanCurtis     |
                  |      99 Au       |
                  |   killed by a    |
                  |    giant bat     |
                  |                  |
                  |                  |
                  |       2026       |
                 *|     *  *  *      | *
        _________)/\\_//(\/(/\)/\//\/|_)_______

Goodbye IanCurtis the Wizard...

You died in The Dungeons of Doom on dungeon level 4 with 2282 points,
and 99 pieces of gold, after 3132 moves.
You were level 6 with a maximum of 38 hit points when you died.

